 Dungeon Crawl Stone Soup version 0.30.0-29-ga12c61a403 (webtiles) character file.

Game seed: 3408948468471984890

66 Kranky the Poker (level 3, -7/33 HPs)
             Began as a Minotaur Berserker on June 14, 2023.
             Was a Believer of Trog.
             Mangled by a gnoll
             ... wielding a +0 halberd
              (14 damage)
             ... on level 2 of the Dungeon.
             The game lasted 00:01:34 (781 turns).

Kranky the Poker (Minotaur Berserker)                Turns: 781, Time: 00:01:35

Health: -7/33      AC:  8    Str: 23    XL:     3   Next: 96%
Magic:  2/2        EV: 10    Int:  4    God:    Trog [**....]
Gold:   69         SH:  0    Dex:  9    Spells: 2/2 levels left

rFire   . . .        a - +0 spear
rCold   . . .        (no shield)
rNeg    . . .        l - +0 scale mail
rPois   .            (helmet restricted)
rElec   .            (no cloak)
rCorr   .            d - +0 pair of gloves
SInv    .            (no boots)
Will    .....        (no amulet) Stlth
                     (no ring)
HPRegen 0.25/turn    (no ring)
MPRegen 0.08/turn

%: no passive effects
@: no status effects
A: horns 2, retaliatory headbutt
a: Renounce Religion, Berserk, Trog's Hand


You were on level 2 of the Dungeon.
You worshipped Trog.
Trog was pleased with you.
You visited 1 branch of the dungeon, and saw 2 of its levels.

You collected 69 gold pieces.

Inventory:

Hand Weapons
 a - a +0 spear (weapon)
 i - a +4 dagger of draining
Armour
 b - a +0 animal skin
 d - a +0 pair of gloves (worn)
 l - a +0 scale mail (worn)
Scrolls
 c - a scroll of silence {unknown}
 f - a scroll of enchant armour {unknown}
 g - 3 scrolls of identify {unknown}
 h - a scroll of magic mapping {unknown}
Potions
 e - 2 potions of cancellation {unknown}
 j - a potion of lignification {unknown}
 k - a potion of mutation {unknown}


   Skills:
 + Level 4.2 Fighting
 + Level 4.3 Polearms
 + Level 3.3 Armour
 + Level 3.0 Dodging


You had 2 spell levels left.
You didn't know any spells.
Your spell library was empty.

Dungeon Overview and Level Annotations

Branches:
Dungeon (2/15)

Altars:
Dithmenos

Annotations:
D:2 Natasha


Innate Abilities, Weirdness & Mutations

You have a pair of horns on your head.
You reflexively headbutt those who attack you in melee.


Message History

The gnoll is moderately wounded.
You reach to attack!
You hit the gnoll but do no damage.
The gnoll is moderately wounded.
The gnoll hits you from afar with a +0 halberd.
You reach to attack!
You hit the gnoll.
The gnoll is heavily wounded.
The gnoll hits you from afar with a +0 halberd.
You are too injured to fight recklessly!
You are too injured to fight recklessly!
You are too injured to fight recklessly!
You are too injured to fight recklessly!
You are too injured to fight recklessly!
Reach: a) +0 spear
Press: ? - help, Dir - move target, f/p - gnoll
Aim: a gnoll, wielding a +0 halberd (heavily wounded, about 35% to evade your +0 spear)
You reach to attack!
You hit the gnoll.
The gnoll is almost dead.
The gnoll hits you but does no damage.
Reach: a) +0 spear
Press: ? - help, Dir - move target, f/p - gnoll
Aim: a gnoll, wielding a +0 halberd (almost dead, about 35% to evade your +0 spear)
You reach to attack!
You hit the gnoll but do no damage.
The gnoll is almost dead.
The gnoll hits you from afar with a +0 halberd.
Reach: a) +0 spear
Press: ? - help, Dir - move target, f/p - gnoll
Aim: a gnoll, wielding a +0 halberd (almost dead, about 35% to evade your +0 spear)
You reach to attack!
You barely miss the gnoll.
The gnoll is almost dead.
The gnoll hits you from afar with a +0 halberd!
* * * LOW HITPOINT WARNING * * *
Natasha, Servant of Life and Death comes into view.
Reach: a) +0 spear
Press: ? - help, Dir - move target, f/p - gnoll
Aim: a gnoll, wielding a +0 halberd (almost dead, about 35% to evade your +0 spear)
You reach to attack!
You barely miss the gnoll.
The gnoll is almost dead.
Natasha hisses angrily.
The gnoll hits you from afar with a +0 halberd!
You die...

.......###...#.######
..#.#.....h.........
..............#.#### .#
...#.†..##....... . ..#
.......#....##.........
.#...
........###..##.........
.##.#
#........#.g..##.........
.##.#
#.#>.)...#)#.###........
.##.# #.#......#@#.#
###.#....
.##.###.#......#.#.# .####
.#.............#.#.#####.
....###.#.................
.##.)............#.......#
....#.#.#...#.############
.##.#.#.#...#...........
....#.#.#......##########
....#.#.#................


You could see Natasha and a gnoll.

Vanquished Creatures
  2 gnolls (D:2)
  An adder (D:2)
  2 dart slugs (D:1)
  3 bats (D:1)
  An endoplasm (D:2)
  A giant cockroach (D:2)
  5 goblins
  A hobgoblin (D:1)
  5 jackals (D:1)
  3 kobolds (D:1)
  4 ball pythons
  2 frilled lizards (D:1)
  3 rats (D:1)
33 creatures vanquished.

Notes
Turn   | Place    | Note
-------+----------+-------------------------------------------
     0 | D:1      | Kranky the Minotaur Berserker began the quest for the Orb.
     0 | D:1      | Reached XP level 1. HP: 19/19 MP: 0/0
    96 | D:1      | Reached XP level 2. HP: 22/27 MP: 1/1
   286 | D:1      | Reached ** piety under Trog
   391 | D:1      | Reached XP level 3. HP: 31/33 MP: 2/2
   617 | D:2      | Found a shadowy altar of Dithmenos.
   780 | D:2      | Noticed Natasha
   781 | D:2      | Mangled by a gnoll

Illustrated notes

Levels and vault maps discovered:
D:1:      eino_arrival_water_star, layout_rooms, serial_bayou,
          serial_bayou_pond_b, serial_bayou_pond_b, serial_bayou_crossing,
          serial_bayou_shore_b
D:2:      layout_basic, basic_altar, serial_shops, nicolae_shop_tiny_glass,
          uniq_crazy_yiuf_cottage, uniq_natasha, uniq_robin

Skill      XL: |  1  2  3 |
---------------+----------+-----
Polearms       | 4 |  4.3
Fighting       | 4 |  4.2
Armour         | 3 |  3.3
Dodging        | 3 |  3.0

Action                     || total
---------------------------++-------
  Melee: Spear             ||    96
         Headbutt          ||     9
         Punch             ||     1
   Stab: Sleeping          ||     2
 Armour: Animal skin       ||    16
         Scale mail        ||     1
  Dodge: Dodged            ||    44
